 Dungeon Crawl Stone Soup version 0.13.0-3-g966e3ec (webtiles) character file.

3796 HungrySpirit the Cleaver (level 9, -1/75 HPs)
             Began as a Minotaur Gladiator on Oct 13, 2013.
             Was a Priest of Okawaru.
             Shot with an arrow of frost by a centaur (12 damage)
             ... on Level 8 of the Dungeon.
             The game lasted 00:19:40 (8331 turns).

HungrySpirit the Cleaver (Minotaur Gladiator)       Turns: 8331, Time: 00:19:40

HP  -1/75        AC 16     Str 23      XL: 9   Next: 83%
MP   3/3         EV  3     Int  5      God: Okawaru [***...]
Gold 239         SH 15     Dex 11      Spells:  0 memorised,  8 levels left

Res.Fire  : . . .   See Invis. : .   z - +1,+0 war axe
Res.Cold  : . . .   Warding    : .   D - +1 orc plate armour
Life Prot.: . . .   Conserve   : .   e - +0 shield
Res.Poison: .       Res.Corr.  : .   c - -1 cap
Res.Elec. : .       Clarity    : +   s - +0 orc cloak
Sust.Abil.: + .     Spirit.Shd : .   (no gloves)
Res.Mut.  : .       Stasis     : .   F - +0 pair of boots
Res.Rott. : .       Flight     : .   l - cursed amulet of clarity
Saprovore : . . .                    v - ring of sustain abilities
                                     y - +1 ring of protection

@: slightly resistant to hostile enchantments, extremely unstealthy
A: retaliatory headbutt, horns 2
a: Heroism, Renounce Religion


You were on level 8 of the Dungeon.
You worshipped Okawaru.
Okawaru was most pleased with you.
You were not hungry.

You visited 2 branches of the dungeon, and saw 9 of its levels.

You collected 307 gold pieces.
You spent 88 gold pieces at shops.

Inventory:

Hand weapons
 q - a +0,+0 war axe
 z - a +1,+0 war axe (weapon)
Missiles
 d - 3 throwing nets (quivered)
Armour
 c - a -1 cap (worn)
 e - a +0 shield (worn)
 s - a +0 orcish cloak (worn)
 D - a +1 orcish plate armour (worn)
 F - a +0 pair of boots (worn)
Magical devices
 a - a wand of slowing (9)
 j - a wand of slowing (0)
 C - a wand of fire (3)
Comestibles
 f - 8 bread rations
 k - a meat ration
Scrolls
 g - 2 scrolls of fear {unknown}
 i - 3 scrolls of teleportation {unknown}
 n - a scroll of enchant weapon II {unknown}
 o - 3 scrolls of remove curse {unknown}
 p - a scroll of random uselessness {unknown}
 t - a scroll of recharging {unknown}
 u - 2 scrolls of enchant weapon I {unknown}
 G - a scroll of identify
Jewellery
 l - a cursed amulet of clarity (around neck)
 v - a ring of sustain abilities (right hand)
 w - an uncursed ring of teleport control
 y - a +1 ring of protection (left hand)
Potions
 b - a potion of speed
 h - 6 potions of curing
 x - 2 potions of invisibility
 A - a potion of restore abilities
 B - a potion of magic
 E - a potion of berserk rage


   Skills:
 + Level 7.5 Fighting
 * Level 13.8 Axes
 - Level 2.0 Throwing
 - Level 5.9 Armour
 - Level 3.2 Dodging


You had 8 spell levels left.
You didn't know any spells.

Dungeon Overview and Level Annotations

Branches:
Dungeon (8/27)             Temple (1/1) D:4
    Orc: D:6-11        Lair: D:8-13

Altars:
Ashenzari
Cheibriados
Elyvilon
Fedhas
Kikubaaqudgha
Makhleb
Nemelex Xobeh
Okawaru
Sif Muna
Trog
Vehumet
Xom
Yredelemnul
Zin
the Shining One

Shops:
D:8 ?[


Innate Abilities, Weirdness & Mutations

You reflexively headbutt those who attack you in melee.
You have a pair of horns on your head.


Message History

You are too injured to fight recklessly!
You closely miss the killer bee.
The killer bee is severely wounded.
The killer bee barely misses you.
The centaur shoots an arrow of frost.
The arrow of frost hits you!
* * * LOW HITPOINT WARNING * * *
The killer bee stings you but does no damage.
Drink which item? (? for menu, Esc to quit)
You feel better.
The centaur shoots an arrow of frost.
The arrow of frost hits you!
* * * LOW HITPOINT WARNING * * *
The killer bee stings you but does no damage.
The centaur shoots an arrow of frost.
The arrow of frost hits you!
* * * LOW HITPOINT WARNING * * *
The killer bee stings you but does no damage.
Drink which item? (? for menu, Esc to quit)
You feel better. The killer bee stings you.
* * * LOW HITPOINT WARNING * * *
The centaur shoots an arrow of frost.
The arrow of frost hits you!
You die...

........[...... ...........
................ ...........
.................
........... ...............#
###.....## ................#
#.....# ................#
#.....# ..............c.#
#...>.# ................k#
#.....# ...............@.#
#.....# .................#
#.....# ................#
#.....# ................#
#.....# ................#
#.....# ...............#
#.....# ............(.#
#.....#
.............########.....##
............................


You could see a centaur and a killer bee.

Vanquished Creatures
  Maurice (D:8)
  Grinder (D:6)
  The ghost of HungrySpirit the Cleaver, an average MiGl of Okawaru (D:4)
  Eustachio (D:6)
  2 orc warriors (D:7)
  2 ogres
  2 phantoms
  2 centaurs
  Duvessa (D:6)
  2 giant frogs (D:6)
  7 killer bees
  5 crimson imps
  2 jellies (D:7)
  Dowan (D:6)
  3 wights (D:6)
  4 iguanas
  3 hounds
  3 orc priests
  A black bear zombie (D:5)
  A centaur skeleton (D:8)
  A worker ant (D:7)
  3 orc wizards (D:5)
  A two-headed ogre skeleton (D:7)
  A scorpion (D:5)
  A gnoll shaman (D:6)
  Jessica (D:2)
  An ogre zombie (D:7)
  A hound zombie (D:5)
  A hound skeleton (D:4)
  9 adders
  6 gnolls
  2 giant mites
  6 worms
  A giant eyeball (D:8)
  2 giant geckos
  An ooze (D:7)
  15 orcs
  A ball python (D:1)
  A bat skeleton (D:4)
  4 giant cockroaches
  14 goblins
  10 hobgoblins
  7 jackals
  23 kobolds
  5 quokkas
  17 bats
  A giant gecko skeleton (D:4)
  5 giant newts
  A goblin skeleton (D:4)
  A hobgoblin zombie (D:6)
  A kobold skeleton (D:4)
  An orc skeleton (D:4)
  2 quokka skeletons
  7 rats
  A rat zombie (D:6)
  A ballistomycete (D:7)
  2 fungi (D:7)
203 creatures vanquished.

Vanquished Creatures (others)
  A giant spore (D:7)
1 creature vanquished.

Grand Total: 204 creatures vanquished

Notes
Turn   | Place    | Note
--------------------------------------------------------------
     0 | D:1      | HungrySpirit, the Minotaur Gladiator, began the quest for the Orb.
     0 | D:1      | Reached XP level 1. HP: 18/18 MP: 0/0
    56 | D:1      | Reached skill level 4 in Axes
   100 | D:1      | Reached XP level 2. HP: 25/25 MP: 0/0
   371 | D:1      | Reached skill level 5 in Axes
   613 | D:2      | Reached XP level 3. HP: 30/30 MP: 1/1
  1089 | D:2      | Noticed Jessica
  1095 | D:2      | Killed Jessica
  1095 | D:2      | Reached skill level 6 in Axes
  1095 | D:2      | Reached XP level 4. HP: 30/38 MP: 1/1
  1709 | D:3      | Noticed an angel
  1710 | D:3      | Found a glowing silver altar of Zin.
  2010 | D:3      | Reached XP level 5. HP: 33/44 MP: 1/1
  2027 | D:3      | Reached skill level 7 in Axes
  2296 | D:4      | Noticed HungrySpirit's ghost (average MiGl)
  2312 | D:4      | Killed HungrySpirit's ghost
  2312 | D:4      | Reached skill level 9 in Axes
  2312 | D:4      | Reached XP level 6. HP: 26/50 MP: 2/2
  2881 | D:4      | Noticed an ogre
  2887 | D:4      | Killed an ogre
  2887 | D:4      | Reached XP level 7. HP: 57/57 MP: 2/2
  3030 | D:4      | Reached skill level 10 in Axes
  3142 | D:4      | Found a white marble altar of Elyvilon.
  3142 | D:4      | Found a glowing golden altar of the Shining One.
  3143 | D:4      | Found a basalt altar of Yredelemnul.
  3553 | D:4      | Found a staircase to the Ecumenical Temple.
  3567 | Temple   | Entered the Ecumenical Temple
  3607 | Temple   | Became a worshipper of Warmaster Okawaru
  3692 | D:5      | Entered Level 5 of the Dungeon
  3786 | D:5      | Reached skill level 1 in Armour
  4353 | D:5      | Found a shimmering altar of Xom.
  5149 | D:6      | Reached skill level 5 in Armour
  5420 | D:5      | Reached XP level 8. HP: 44/63 MP: 2/2
  5712 | D:6      | Acquired Okawaru's first power
  5729 | D:6      | Found an iron altar of Okawaru.
  5875 | D:6      | Reached skill level 11 in Axes
  5973 | D:6      | Noticed Grinder
  5988 | D:6      | Killed Grinder
  6140 | D:6      | Noticed Eustachio
  6153 | D:6      | Killed Eustachio
  6153 | D:6      | Reached skill level 5 in Fighting
  6167 | D:6      | Noticed Dowan
  6172 | D:6      | Noticed Duvessa
  6178 | D:6      | Killed Dowan
  6181 | D:6      | Killed Duvessa
  6181 | D:6      | Reached skill level 12 in Axes
  6181 | D:6      | Reached XP level 9. HP: 37/72 MP: 1/3
  6720 | D:7      | Found a blossoming altar of Fedhas.
  6808 | D:7      | Found a shattered altar of Ashenzari.
  7200 | D:7      | Found a deep blue altar of Sif Muna.
  7212 | D:7      | Found a burning altar of Makhleb.
  7326 | D:7      | Reached skill level 13 in Axes
  7714 | D:8      | Paralysed by a giant eyeball for 3 turns
  7829 | D:8      | Noticed Maurice
  7835 | D:8      | Found Geocuip's Armour Boutique.
  7845 | D:8      | Killed Maurice
  7848 | D:8      | Found Trahaen's Magic Scroll Shoppe.
  8089 | D:8      | Bought a scroll of identify for 22 gold pieces
  8089 | D:8      | Bought a scroll of identify for 22 gold pieces
  8089 | D:8      | Bought a scroll of identify for 22 gold pieces
  8089 | D:8      | Bought a scroll of identify for 22 gold pieces
  8331 | D:8      | Shot with an arrow of frost by a centaur

Action                   |  1- 3 |  4- 6 |  7- 9 || total
-------------------------+-------+-------+-------++-------
Melee: Hand axe          |    89 |    11 |       ||   100
       War axe           |       |   123 |   357 ||   480
Throw: Throwing net      |       |       |     1 ||     1
Invok: Heroism           |       |       |     3 ||     3
Evoke: Wand              |       |       |     1 ||     1
  Use: Scroll            |     1 |     2 |     6 ||     9
       Potion            |       |     1 |     7 ||     8
